 Dungeon Crawl Stone Soup version 0.31-a0-672-g7da72447bb (webtiles) character file.

Game seed: 2608655178621010665

95 pokeman the Magician (level 4, -1/25 HPs)
             Began as a Deep Elf Hedge Wizard on Sept 4, 2023.
             Slain by Ijyb
             ... wielding a +0 club
              (4 damage)
             ... on level 3 of the Dungeon.
             The game lasted 00:03:25 (2883 turns).

pokeman the Magician (Deep Elf Hedge Wizard)        Turns: 2883, Time: 00:03:26

Health: -1/25      AC:  2    Str:  7    XL:     4   Next: 40%
Magic:  4/13       EV: 12    Int: 21    God:
Gold:   122        SH:  0    Dex: 14    Spells: 6/14 levels left

rFire   . . .        a - +0 dagger
rCold   . . .        (no shield)
rNeg    . . .        b - +0 robe
rPois   .            c - +0 hat
rElec   .            k - scarf {shadows}
rCorr   .            (no gloves)
SInv    .            (no boots)
Will    .....        (no amulet)
Stlth   ++           (no ring)
HPRegen 0.24/turn    (no ring)
MPRegen 0.13/turn

%: no passive effects
@: no status effects
A: no striking features
a: no special abilities


You were on level 3 of the Dungeon.
You visited 1 branch of the dungeon, and saw 3 of its levels.

You collected 122 gold pieces.

Inventory:

Hand Weapons
 a - a +0 dagger (weapon)
Armour
 b - a +0 robe (worn)
 c - a +0 hat (worn)
 k - a scarf of shadows (worn)
Magical Staves
 j - a staff of earth
Scrolls
 e - 3 scrolls of identify {unknown}
 g - a scroll of acquirement {unknown}
 i - a scroll of revelation {unknown}
Potions
 d - a potion of magic
 f - a potion of heal wounds {unknown}
 h - 2 potions of might {unknown}


   Skills:
 - Level 1.0 Fighting
 - Level 1.0 Armour
 + Level 2.7 Dodging
 + Level 2.7 Stealth
 * Level 5.6 Spellcasting
 + Level 2.2 Conjurations
 - Level 1.1 Summonings
 - Level 1.1 Translocations


You had 6 spell levels left.
You knew the following spells:

 Your Spells              Type           Power      Damage    Failure   Level
a - Magic Dart            Conj           60%        1d6       4%          1
b - Mephitic Cloud        Conj/Pois/Air  9%         N/A       22%         3
c - Call Imp              Summ           20%        N/A       10%         2
d - Blink                 Tloc           20%        N/A       10%         2

Your spell library contained the following spells:

 Spells                   Type           Power      Damage    Failure   Level
 Slow                     Hex            20%        N/A       10%         1
 Cigotuvi's Dreadful Rot  Necr/Pois/Air  10%        N/A       16%         2


Dungeon Overview and Level Annotations

Branches:
Dungeon (3/15)

Altars:
Cheibriados
Dithmenos
Qazlal
Ru
Wu Jian

Annotations:
D:3 Ijyb


Message History

Ijyb is severely wounded.
Casting: Magic Dart (safe; 4% risk of failure)
Confirm with . or Enter, or press ? or * to list all spells.
Aiming: Magic Dart (safe; 4% risk of failure)
Press: ? - help, Shift-Dir - straight line, f/p - Ijyb
Aim: Ijyb, wielding a +0 club, wearing a +0 leather armour and carrying a wand of iceblast (severely wounded, confused, 100% to hit)
The magic dart hits Ijyb but does no damage.
Ijyb is severely wounded.
Ijyb screams, "Me still stronger!
You very nasty!"
You hit Ijyb but do no damage.
Ijyb is severely wounded.
Ijyb hits you with a +0 club.
* * * LOW HITPOINT WARNING * * *
You hit Ijyb.
Ijyb is almost dead.
Ijyb barely misses you.
Ijyb closely misses herself.
You barely miss Ijyb.
Ijyb is almost dead.
You barely miss Ijyb.
Ijyb is almost dead.
Ijyb hits you with a +0 club.
* * * LOW HITPOINT WARNING * * *
Unknown command.
Casting: Magic Dart (safe; 4% risk of failure)
Confirm with . or Enter, or press ? or * to list all spells.
Aiming: Mephitic Cloud (extremely dangerous; 22% risk of failure)
Press: ? - help, Shift-Dir - straight line, f/p - Ijyb
Aim: Ijyb, wielding a +0 club, wearing a +0 leather armour and carrying a wand of iceblast (almost dead, confused, chance to affect: 86%)
The ball explodes into a vile cloud!
The stinking cloud engulfs Ijyb but does no damage.
Ijyb is almost dead.
Ijyb is engulfed in noxious fumes.
Ijyb clutches her head and gibbers rapidly, swaying.
Unknown command.
Casting: Mephitic Cloud (extremely dangerous; 22% risk of failure)
Confirm with . or Enter, or press ? or * to list all spells.
A tiny devil pulls itself out of the air.
Ijyb is engulfed in noxious fumes.
Ijyb appears confused.
Ijyb hits you with a +0 club.
You die...

#.....##
♣+♣♣♣+♣#'##
♣.....♣#.##
♣.≈≈≈.♣...#
♣.....♣#..#
+.._..'...##
♣.....♣....#
♣.≈≈≈.♣.5.########
♣.....♣.@...>.....
♣+♣♣♣+♣#g#########
#.##○# #..○☼#
####.# #.# #.# ...
#.._.


You could see Ijyb (confused, ally target) and a friendly cerulean imp
(summoned).

Vanquished Creatures
  4 adders (D:2)
  A gnoll (D:2)
  2 dart slugs
  4 endoplasms
  2 giant cockroaches (D:1)
  6 hobgoblins
  2 quokkas
  6 ball pythons
  9 bats
  6 frilled lizards
  3 goblins
  A kobold (D:1)
  A rat (D:1)
47 creatures vanquished.

Notes
Turn   | Place    | Note
-------+----------+-------------------------------------------
     0 | D:1      | pokeman the Deep Elf Hedge Wizard began the quest for the
                  | Orb.
     0 | D:1      | Reached XP level 1. HP: 10/10 MP: 7/7
   231 | D:1      | Reached XP level 2. HP: 16/16 MP: 4/9
   274 | D:1      | You fall into a shaft and drop 1 floor!
   274 | D:2      | Found a shadowy altar of Dithmenos.
   460 | D:1      | Reached skill level 5 in Spellcasting
   644 | D:1      | Reached XP level 3. HP: 16/20 MP: 4/11
   648 | D:1      | Learned a level 3 spell: Mephitic Cloud
   651 | D:1      | Learned a level 2 spell: Call Imp
   654 | D:1      | Learned a level 2 spell: Blink
  1701 | D:2      | Reached skill level 1 in Armour
  2016 | D:2      | Reached skill level 1 in Fighting
  2206 | D:2      | Reached XP level 4. HP: 17/25 MP: 5/13
  2827 | D:3      | Found a snail-covered altar of Cheibriados.
  2837 | D:3      | Found an ornate altar of the Wu Jian Council.
  2839 | D:3      | Found a stormy altar of Qazlal.
  2840 | D:3      | Found a sacrificial altar of Ru.
  2841 | D:3      | Noticed Ijyb
  2877 | D:3      | HP: 1/25 [Ijyb/+0 club (6)]
  2883 | D:3      | Slain by Ijyb

Illustrated notes

Levels and vault maps discovered:
D:1:      saegor_arrival_simple_a, layout_basic, serial_park_tiny_pond,
          minmay_misc_feat_square
D:2:      minmay_chambers_of_ones, layout_basic, basic_altar
D:3:      layout_loops_corners, dancing_weapons_uskayaw,
          chequers_temple_overflow_statue_of_worship, vehumet_crystals,
          mainiacjoe_overflow_six_doors_small, nicolae_ecumenical_lake_church,
          uniq_ijyb

Skill      XL: |  1  2  3 |
---------------+----------+-----
Spellcasting   | 5 |  5.6
Armour         | 1 |  1.0
Fighting       | 1 |  1.0
Conjurations   | 2 |  2.2
Dodging        | |  2.7
Stealth        | |  2.7
Summonings     | |  1.1
Translocations | |  1.1

Action                     |  1- 3 |  4- 6 || total
---------------------------+-------+-------++-------
  Melee: Dagger            |     5 |    18 ||    23
   Cast: Magic Dart        |   103 |    31 ||   134
         Mephitic Cloud    |       |     3 ||     3
         Call Imp          |       |     1 ||     1
   Stab: Confused          |       |     1 ||     1
 Armour: Robe              |    15 |    14 ||    29
  Dodge: Dodged            |    25 |    16 ||    41

Table legend: (Time is in decaauts)
 A = Elapsed time spent in this place.
 B = Non-inter-level travel time spent in this place.
 C = Inter-level travel time spent in this place.
 D = Time resting spent in this place.
 E = Time spent auto-exploring this place.
 F = Levels seen in this place.
 G = Mean time per level.
                   A        B        C        D        E       F      G
               +--------+--------+--------+--------+--------+-----+--------+
         Total |   2881 |   2867 |     14 |     65 |   2501 |   3 |  960.3 |
       Dungeon |   2881 |   2867 |     14 |     65 |   2501 |   3 |  960.3 |
               +--------+--------+--------+--------+--------+-----+--------+

Top non-repeatable levels by time:
     D:1: 1511 daAuts
     D:2: 1236 daAuts
     D:3: 133 daAuts
